 Dungeon Crawl Stone Soup version 0.31-a0-198-g2ad674f65e (webtiles) character file.

Game seed: 3014357308512325876

21 NinjaNoafa the Insei (level 2, -1/18 HPs)
             Began as an Octopode Transmuter on June 24, 2023.
             Slain by Terence
             ... wielding a +0 falchion
              (9 damage)
             ... on level 2 of the Dungeon on June 25, 2023.
             The game lasted 00:02:04 (681 turns).

NinjaNoafa the Insei (Octopode Transmuter)           Turns: 681, Time: 00:02:05

Health: -1/18      AC:  1    Str:  9    XL:     2   Next: 87%
Magic:  4/5        EV: 13    Int: 15    God:
Gold:   58         SH:  0    Dex: 12    Spells: 5/6 levels left

rFire   . .          .
                       - Unarmed
rCold   . . .        (no shield)
rNeg    . . .        (helmet currently unavailable)
rPois   .            (no amulet)
rElec   .            (no ring)
rCorr   .            (no ring)
SInv    .            (no ring)
Will    .....        (no ring)
Stlth   ++           (no ring)
HPRegen 0.23/turn    (no ring)
MPRegen 0.09/turn    (no ring)
                     (no ring)

%: no passive effects
@: appendages
A: tentacle spike 3, almost no armour, amphibious, 8 rings, camouflage 1,
gelatinous body 1, (nimble swimmer 1), tentacles
a: End Transformation


You were on level 2 of the Dungeon.
One of your tentacles had grown a beastly spike.
You visited 1 branch of the dungeon, and saw 2 of its levels.

You collected 58 gold pieces.

Inventory:

Missiles
 g - 4 poisoned darts
Jewellery
 b - a ring of ice
Scrolls
 e - a scroll of noise {unknown}
Potions
 a - a potion of lignification
 c - a potion of brilliance {unknown}
 d - a potion of berserk rage {unknown}
 f - a potion of attraction {unknown}


   Skills:
 - Level 1.0 Fighting
 - Level 2.0 Dodging
 - Level 3.0 Unarmed Combat
 + Level 2.6 Spellcasting
 + Level 2.7 Transmutations


You had 5 spell levels left.
You knew the following spells:

 Your Spells              Type           Power      Damage    Failure   Level
a - Beastly Appendage     Tmut           20%        N/A       7%          1

Your spell library contained the following spells:

 Spells                   Type           Power      Damage    Failure   Level
 Wereblood                Tmut           10%        N/A       11%         2
 Spider Form              Tmut/Pois      6%         N/A       34%         3
 Ice Form                 Ice/Tmut       6%         N/A       75%         4


Dungeon Overview and Level Annotations

Branches:
Dungeon (2/15) Zot: 11320

Altars:

Annotations:
D:2 Terence


Innate Abilities, Weirdness & Mutations

One of your tentacles has grown a beastly spike.
You cannot wear most types of armour.
You are amphibious.
You can wear up to eight rings at the same time.
Your skin changes colour to match your surroundings (Stealth+).
Your rubbery body absorbs attacks. (AC +1, EV +1)
((You are camouflaged when in or above water. (Stealth+)))
You have tentacles for arms and can constrict up to eight enemies at once.


Message History

Casting: Beastly Appendage (safe; 7% risk of failure)
Confirm with . or Enter, or press ? or * to list all spells.
One of your tentacles grows a vicious spike.
You barely miss the hobgoblin. Your grab misses the hobgoblin.
Your squeeze misses the hobgoblin. The hobgoblin barely misses you.
You tentacle-slap the hobgoblin. You grab the hobgoblin.
The hobgoblin is severely wounded.
Your transformation is almost over.
You constrict the hobgoblin, but do no damage.
The hobgoblin closely misses you.
You barely miss the hobgoblin. You squeeze the hobgoblin.
You kill the hobgoblin!
Okay, then.
g - 4 poisoned darts Your tentacle spike disappears.
There is a shaft here.
Found an escape hatch in the floor.
Found a dagger.
You open the door.
You now have 58 gold pieces (gained 9).
Key pressed, stopping explore.
Terence the Incautious comes into view.
He is wielding a +0 falchion.
Terence shouts!
Terence says, "How do you enjoy it?"
Terence is nearby!
Terence is nearby!
Terence is nearby!
Terence is nearby!
One of your tentacles grows a vicious spike.
Terence shouts, "Get ready for death!"
Terence hits you with a +0 falchion!
Ouch! That really hurt!
* * * LOW HITPOINT WARNING * * *
Unknown command.
You tentacle-slap Terence but do no damage.
You grab Terence.
You constrict Terence, but do no damage.
Terence hits you with a +0 falchion!
Ouch! That really hurt!
You die...

+..###.#.####
#.......# #..#
##.#.# #
........# #..#
#.#.## #
##......#
##.####.#.###
........#
#....####...
#.......#
#.)..# #...
#.......#
###....####...
......@.#
#.............
#......@#
#.#####...>...
#.......###.#
##......
............#
#####.....
#.....##.####
#.....####
###.#. #.#
#.....# # #...
..# #.....# #
#.# ##.#
#.....# ## #.
#.# #.....###.
# ...
#.......#.


You could see Terence.

Vanquished Creatures
  An endoplasm (D:1)
  3 giant cockroaches (D:1)
  3 goblins (D:1)
  4 hobgoblins
  3 ball pythons (D:1)
  A bat (D:1)
  2 kobolds (D:1)
  A rat (D:1)
18 creatures vanquished.

Notes
Turn   | Place    | Note
-------+----------+-------------------------------------------
     0 | D:1      | NinjaNoafa the Octopode Transmuter began the quest for the
                  | Orb.
     0 | D:1      | Reached XP level 1. HP: 13/13 MP: 3/3
   110 | D:1      | Reached XP level 2. HP: 16/18 MP: 3/5
   160 | D:1      | Found a faded altar of an unknown god.
   548 | D:2      | Upgraded the game from 0.31-a0-196-g86fe4a5e66 to
                  | 0.31-a0-198-g2ad674f65e
   676 | D:2      | Noticed Terence
   681 | D:2      | Slain by Terence

Illustrated notes

Levels and vault maps discovered:
D:1:      spicycebolla_arrival_xxxplode, layout_basic, basic_ecumenical_altar
D:2:      layout_basic, minivault_24, uniq_terence

Action                     || total
---------------------------++-------
  Melee: Unarmed           ||    40
         Kick              ||     9
         Constrict         ||    15
         Tentacles         ||     9
         Punch             ||     2
   Cast: Beastly Appendage ||    12
   Stab: Sleeping          ||     2
  Dodge: Dodged            ||    32

Table legend: (Time is in decaauts)
 A = Elapsed time spent in this place.
 B = Non-inter-level travel time spent in this place.
 C = Inter-level travel time spent in this place.
 D = Time resting spent in this place.
 E = Time spent auto-exploring this place.
 F = Levels seen in this place.
 G = Mean time per level.
                   A        B        C        D        E       F      G
               +--------+--------+--------+--------+--------+-----+--------+
         Total |    679 |    653 |     26 |      0 |    504 |   2 |  339.5 |
       Dungeon |    679 |    653 |     26 |      0 |    504 |   2 |  339.5 |
               +--------+--------+--------+--------+--------+-----+--------+

Top non-repeatable levels by time:
     D:1: 545 daAuts
     D:2: 133 daAuts
